 Dungeon Crawl Stone Soup version 0.26.0-11-g8f856b5395 (webtiles) character file.

Game seed: 3899310366853381339

2209 Froggeryz the Grappler (level 9, -5/71 HPs)
             Began as a Ghoul Delver on Jan 15, 2021.
             Was a Believer of Qazlal.
             Slain by an orc warrior
             ... wielding a +0 flail
              (12 damage)
             ... on level 7 of the Dungeon.
             The game lasted 00:07:33 (6836 turns).

Froggeryz the Grappler (Ghoul Delver)               Turns: 6836, Time: 00:07:34

Health: -5/71      AC:  4    Str: 19    XL:     9   Next: 34%
Magic:  13/13      EV: 11    Int:  5    God:    Qazlal [**....]
Gold:   405        SH:  8    Dex: 10    Spells: 8/8 levels left

rFire    . . .     SeeInvis +     - Unarmed
rCold    + . .     Faith    .   (no shield)
rNeg     + + +     Spirit   .   a - +0 leather armour
rPois    ∞         Reflect  +   (no helmet)
rElec    .         Harm     .   (no cloak)
rCorr    .         Rampage  .   (no gloves)
Will     .....                  t - +0 pair of boots
Stlth    ++........             e - amulet of reflection
HPRegen  0.00/turn              j - ring of see invisible
MPRegen  0.13/turn              (no ring)

@: no status effects
A: claws 1, cold resistance 1, negative energy resistance 3, inhibited
regeneration, torment resistance, unbreathing
a: Renounce Religion, Upheaval


You were on level 7 of the Dungeon.
You worshipped Qazlal.
Qazlal was pleased with you.
You visited 1 branch of the dungeon, and saw 6 of its levels.

You collected 405 gold pieces.

Inventory:

Missiles
 n - 33 poisoned darts (quivered)
Armour
 a - a +0 leather armour (worn)
 t - a +0 pair of boots (worn)
Jewellery
 e - an amulet of reflection (around neck)
 j - a ring of see invisible (left claw)
 s - an uncursed ring of ice
Wands
 f - a wand of digging (3)
Scrolls
 b - 3 scrolls of fog
 c - 4 scrolls of magic mapping
 g - 7 scrolls of identify
 h - 6 scrolls of remove curse
 m - 3 scrolls of teleportation {unknown}
 p - a scroll of enchant armour {unknown}
 q - 2 scrolls of enchant weapon {unknown}
 r - a scroll of random uselessness {unknown}
 w - a scroll of blinking {unknown}
Potions
 d - 2 potions of heal wounds {unknown}
 i - 2 potions of mutation {unknown}
 k - a potion of curing
 l - 2 potions of might {unknown}
 o - a potion of brilliance


   Skills:
 + Level 3.7 Fighting
 + Level 1.1 Armour
 - Level 1.7 Dodging
 - Level 5.4 Stealth
 - Level 11.0 Unarmed Combat
 + Level 6.9 Invocations


You had 8 spell levels left.
You didn't know any spells.
Your spell library contained the following spells:

 Spells                   Type           Power        Failure   Level
 Animate Skeleton         Necr           0%           54%         1
 Apportation              Tloc           0%           54%         1
 Corona                   Hex            0%           54%         1
 Summon Small Mammal      Summ           0%           54%         1


Dungeon Overview and Level Annotations

Branches:
Dungeon (7/15)
 Temple: D:4-7

Altars:
Hepliaklqana
Kikubaaqudgha
Qazlal
Ru
Xom
Yredelemnul

Shops:
D:6 (

Annotations:
D:6 2 transporters, mokwee's ghost, novice OpVM


Innate Abilities, Weirdness & Mutations

You thrive by killing the living.
You are immune to poison.
You have sharp fingernails.
Your flesh is cold resistant. (rC+)
You are immune to negative energy. (rN+++)
You do not regenerate when monsters are visible.
You are immune to unholy pain and torment.
You can survive without breathing.


Message History

The wight closely misses you. You block the orc's attack.
You scratch the orc.
The orc is lightly wounded.
The orc warrior hits you with a +0 flail!
* * * LOW HITPOINT WARNING * * *
The orc misses you.
Okay, then.
Okay, then.
Aiming: Upheaval
Press: ? - help, Dir - move target, f - wight
Aim: a wight, wielding a +0 dire flail and wearing a +0 robe (freezing vapour, severely damaged) That beam is likely to hit you.
Continue anyway?
Okay, then.
You claw the orc!
You kill the orc!
Qazlal accepts your kill.
You feel better.
The wight is engulfed in freezing vapours.
The orc warrior hits you with a +0 flail!
You die...

..... .. #.... #..
....## #... ....#
#.... ....#....[
zz#...... #○o......
#@z...... #o#......
#.# ###.. ####.#
##..#.# #####.....#
###
..........######.#
.......<..#......##
###............<..##


You could see an orc warrior, 3 wights and an orc.

Vanquished Creatures
  Grinder (D:4)
  A phantom (D:4)
  2 ice beasts
  4 ogres
  A centaur (D:6)
  A bullfrog (D:7)
  A water moccasin zombie (D:6)
  3 scorpions
  A wight (D:7)
  3 howler monkeys
  4 crimson imps (D:4)
  2 quasits
  A centaur skeleton (D:4)
  3 hounds
  4 orc wizards
  2 orc priests (D:5)
  3 bullfrog skeletons
  4 worker ants
  A hound skeleton (D:5)
  7 adders
  A white imp (D:5)
  2 oozes
  3 adder skeletons
  6 worms
  The ghost of OmG the Sneak, a weakling DsDe (D:5)
  4 dart slugs
  5 leopard geckos
  19 orcs
  6 bats
  6 giant cockroaches
  2 goblins (D:2)
  2 hobgoblins
  10 jackals
  4 quokkas
  3 ball pythons
  7 frilled lizards
  8 kobolds
  5 rats
143 creatures vanquished.

Notes
Turn   | Place    | Note
-------+----------+-------------------------------------------
     0 | D:5      | Froggeryz the Ghoul Delver began the quest for the Orb.
     0 | D:5      | Reached XP level 1. HP: 19/19 MP: 0/0
    22 | D:4      | Noticed a phantom
    46 | D:4      | Noticed an ogre
   467 | D:2      | Found a hazy altar of Hepliaklqana.
   502 | D:2      | Reached skill level 3 in Unarmed Combat
   502 | D:2      | Reached XP level 2. HP: 20/26 MP: 1/1
   625 | D:2      | Reached XP level 3. HP: 8/31 MP: 2/2
   913 | D:2      | Reached skill level 4 in Unarmed Combat
  1150 | D:2      | Reached XP level 4. HP: 25/38 MP: 3/3
  1151 | D:2      | Reached skill level 5 in Unarmed Combat
  1277 | D:2      | Found a stormy altar of Qazlal.
  1382 | D:2      | Became a worshipper of Qazlal Stormbringer
  1783 | D:3      | Reached XP level 5. HP: 45/45 MP: 4/4
  2152 | D:3      | Reached skill level 1 in Invocations
  2287 | D:3      | Reached * piety under Qazlal
  2301 | D:3      | Reached skill level 6 in Unarmed Combat
  2663 | D:4      | Reached XP level 6. HP: 46/51 MP: 6/6
  3349 | D:4      | Reached skill level 7 in Unarmed Combat
  3510 | D:4      | Reached XP level 7. HP: 7/57 MP: 8/8
  3761 | D:4      | Noticed Grinder
  3791 | D:4      | Killed Grinder
  3792 | D:4      | Reached skill level 8 in Unarmed Combat
  4225 | D:4      | Found a shimmering altar of Xom.
  4530 | D:4      | Reached XP level 8. HP: 63/63 MP: 10/10
  4723 | D:5      | Reached skill level 9 in Unarmed Combat
  4745 | D:5      | Reached skill level 5 in Invocations
  4745 | D:5      | Reached ** piety under Qazlal
  5049 | D:5      | Found a runed translucent gate.
  5053 | D:5      | Found a runed translucent gate.
  5053 | D:5      | Found a runed translucent gate.
  5053 | D:5      | Noticed OmG's ghost (weakling DsDe)
  5433 | D:5      | Killed OmG's ghost
  5496 | D:6      | Found a transporter.
  5497 | D:6      | Found a basalt altar of Yredelemnul.
  5501 | D:6      | Noticed mokwee's ghost (novice OpVM)
  5506 | D:6      | Reached skill level 10 in Unarmed Combat
  5743 | D:6      | Found Imoetaxt's Antique Weapon Boutique.
  5788 | D:6      | Reached XP level 9. HP: 33/70 MP: 12/12
  6124 | D:6      | Found an ancient bone altar of Kikubaaqudgha.
  6314 | D:6      | Found a transporter.
  6528 | D:7      | Reached skill level 11 in Unarmed Combat
  6738 | D:7      | Found a sacrificial altar of Ru.
  6831 | D:7      | Reached skill level 1 in Armour
  6836 | D:7      | Slain by an orc warrior

Illustrated notes

Levels and vault maps discovered:
D:2:      minmay_wonky_spiral, layout_basic, lemuel_round_altar,
          grunt_qazlal_clouds
D:3:      layout_loops_ring, minmay_misc_feat_tower
D:4:      layout_basic, lightli_ossuary_entry_decrepit_ruins,
          gup_sewer_entry_glass, led_xom_imps, uniq_grinder
D:5:      layout_cave_pools, gammafunk_ghost_split, chequers_avenue
D:6:      layout_cave_pools, kiku_gazebo_pond_becter, yredelemnul_altar_generic,
          serial_shops, nicolae_shop_overgrown_old_shop,
          gammafunk_ghost_mausoleum
D:7:      layout_cave_pods, lemuel_coloured_pillars_altar,
          minmay_temple_entry_slanted, minmay_guarded_unrand_finisher

Skill      XL: |  1  2  3  4  5  6  7  8  9 |
---------------+----------------------------+-----
Unarmed Combat | 3 4 5 6 7 8 10 11 | 11.0
Invocations    | 2 3 4 6 |  6.9
Armour         | 1 |  1.1
Fighting       | |  3.7
Dodging        | |  1.7
Stealth        | |  5.4

Action                   |  1- 3 |  4- 6 |  7- 9 || total
-------------------------+-------+-------+-------++-------
Melee: Unarmed           |   100 |   203 |   264 ||   567
       Punch             |     2 |     5 |    10 ||    17
Throw: Dart              |       |    11 |       ||    11
Invok: Upheaval          |       |       |     1 ||     1
  Use: Scroll            |     1 |     1 |     1 ||     3
       Potion            |     1 |       |     7 ||     8
 Stab: Sleeping          |     4 |     7 |       ||    11
Armor: Leather armour    |    20 |    31 |    49 ||   100
Dodge: Dodged            |    28 |    90 |    97 ||   215
Block: Other             |    17 |    52 |    87 ||   156
       Reflection        |       |     3 |     3 ||     6
